[Event "EYCC G10-ch 2024"]
[Site "Prague"]
[Date "2024.08.24"]
[Round "3.13"]
[White "Slusarczyk, Agnieszka"]
[Black "Karabas, Beren Nisa"]
[Result "1-0"]
[ECO "D10"]
[WhiteElo "1614"]
[BlackElo "1494"]
[Annotator "NA"]
[PlyCount "119"]
[EventDate "2024.08.19"]
[EventType "swiss"]
[EventCountry "CZE"]
[SourceTitle "playchess.com"]
[Source "ChessBase"]
[SourceQuality "1"]
[TimeControl "5400+30"]

1. d4 d5 2. c4 c6 3. e3 e6 4. Nc3 f5 5. g4 Nf6 6. gxf5 exf5 7. Qb3 Be7 8. cxd5 cxd5 9. Bg2 Qa5 10. Bxd5 Nxd5 11. Qxd5 Qxd5 12. Nxd5 Na6 13. Bd2 Be6 14. Nf4 Bf7 15. Nge2 Nb4 16. Bxb4 Bxb4+ 17. Nc3 Rc8 18. Kd2 O-O 19. a3 Be7 20. Nfd5 Bh4 21. f4 Rfd8 22. Nb4 Kf8 23. Rac1 Bf6 24. Nb5 Rxc1 25. Rxc1 a6 26. Nc3 g5 27. Ne2 Rd7 28. Rc5 Be6 29. fxg5 Bxg5 30. Re5 Kf7 31. Ke1 Bf6 32. Rc5 Be7 33. Rc3 Kf6 34. Nf4 Bf7 35. Nbd3 Bd6 36. Kf2 Kg5 37. Nc5 Re7 38. Kf3 h6 39. b4 Bxf4 40. exf4+ Kh4 41. Kf2 Kg4 42. Rg3+ Kxf4 43. Nd3+ Ke4 44. Re3+ Kxd4 45. Rxe7 Bd5 46. Nc5 h5 47. Nxb7 Bxb7 48. Rxb7 f4 49. Rb6 Kc4 50. Rxa6 Kb5 51. Ra5+ Kb6 52. Rxh5 f3 53. a4 Ka6 54. Rh6+ Kb7 55. a5 Ka7 56. b5 Kb7 57. Rh7+ Kb8 58. a6 Ka8 59. b6 Kb8 60. Rh8# 1-0

[Event "EYCC G10-ch 2024"]
[Site "Prague"]
[Date "2024.08.24"]
[Round "3.14"]
[White "Vouk, Iva"]
[Black "Trzcinska, Weronika"]
[Result "1/2-1/2"]
[ECO "C26"]
[WhiteElo "1601"]
[BlackElo "1490"]
[Annotator "NA RC"]
[PlyCount "110"]
[EventDate "2024.08.19"]
[EventType "swiss"]
[EventCountry "CZE"]
[SourceTitle "playchess.com"]
[Source "ChessBase"]
[SourceQuality "1"]
[TimeControl "5400+30"]

1. e4 e5 2. Nc3 Nf6 3. f4 d6 4. Nf3 exf4 5. d4 Nc6 6. Bxf4 Be7 7. Bb5 Bd7 8. Bxc6 Bxc6 9. d5 Bd7 10. e5 dxe5 11. Nxe5 Bd6 12. Qe2 Qe7 13. Nxd7 Qxe2+ 14. Nxe2 Kxd7 15. O-O-O Rae8 16. Bxd6 cxd6 17. Nc3 Ne4 18. Nxe4 Rxe4 19. Rhf1 f6 20. Rd3 Rhe8 21. Rg3 R8e7 22. Rh3 h6 23. b3 Re3 24. Rxe3 Rxe3 25. Kd2 Re5 26. c4 b5 27. Rf3 Rg5 28. g3 Re5 29. Re3 Rf5 30. Ke2 a6 31. h4 g6 32. Rf3 Rxf3 33. Kxf3 bxc4 34. bxc4 Kc7 35. Ke4 f5+ 36. Kd4 Kb6 37. a3 a5 38. a4 Kc7 39. c5 dxc5+ 40. Kxc5 g5 41. d6+ Kd7 42. Kd5 f4 43. hxg5 hxg5 44. gxf4 gxf4 45. Ke4 Kxd6 46. Kxf4 Kc5 47. Ke4 Kc4 48. Ke3 Kb3 49. Kd3 Kxa4 50. Kc4 Ka3 51. Kc3 a4 52. Kc2 Ka2 53. Kc1 a3 54. Kc2 Ka1 55. Kc1 a2 1/2-1/2

[Event "EYCC G10-ch 2024"]
[Site "Prague"]
[Date "2024.08.25"]
[Round "4.1"]
[White "Horodna, Anna"]
[Black "Chen, Yuefan"]
[Result "0-1"]
[ECO "B40"]
[WhiteElo "1603"]
[BlackElo "1682"]
[Annotator "NA"]
[PlyCount "90"]
[EventDate "2024.08.19"]
[EventType "swiss"]
[EventCountry "CZE"]
[SourceTitle "playchess.com"]
[Source "ChessBase"]
[SourceQuality "1"]
[TimeControl "5400+30"]

1. e4 c5 2. Nf3 e6 3. c4 d6 4. d4 cxd4 5. Nxd4 Nf6 6. Nc3 a6 7. Bd3 Nbd7 8. O-O g6 9. Be3 Bg7 10. f4 b6 11. e5 dxe5 12. Nc6 Qc7 13. fxe5 Qxc6 14. exf6 Nxf6 15. Rxf6 Bxf6 16. Be4 Qxc4 17. Qf3 Bxc3 18. Bc6+ Bd7 19. Bxd7+ Kxd7 20. Rd1+ Kc7 21. Qxf7+ Kc8 22. Qd7+ Kb8 23. bxc3 Ra7 24. Qd6+ Qc7 25. Qxe6 Rb7 26. Qf6 Qg7 27. Qd6+ Qc7 28. Qd4 Rf8 29. Qb4 Qe7 30. Bf4+ Ka7 31. Qd4 Re8 32. c4 Qc5 33. Qxc5 bxc5 34. Bd6 Rc8 35. Rd2 Ka8 36. Rd5 Rb1+ 37. Kf2 Rb2+ 38. Kf3 Rxa2 39. Kf4 Rxg2 40. Ke4 Rg4+ 41. Ke5 Rxc4 42. Kf6 Rd4 43. Rxd4 cxd4 44. Bf4 d3 45. Kg7 Rc2 0-1

[Event "EYCC G10-ch 2024"]
[Site "Prague"]
[Date "2024.08.25"]
[Round "4.2"]
[White "Ahmadli, Mehriban"]
[Black "Tykalova, Barbora"]
[Result "1-0"]
[ECO "C84"]
[WhiteElo "1646"]
[BlackElo "1580"]
[Annotator "NA"]
[PlyCount "73"]
[EventDate "2024.08.19"]
[EventType "swiss"]
[EventCountry "CZE"]
[SourceTitle "playchess.com"]
[Source "ChessBase"]
[SourceQuality "1"]
[TimeControl "5400+30"]

1. e4 e5 2. Nf3 Nc6 3. Bb5 a6 4. Ba4 Nf6 5. O-O Be7 6. c3 b5 7. Bc2 d6 8. h3 O-O 9. d4 Bd7 10. Re1 a5 11. a3 a4 12. dxe5 Nxe5 13. Nxe5 dxe5 14. Qe2 Qc8 15. Nd2 Ra6 16. Nf3 Bd6 17. Bd3 c6 18. Bg5 Ne8 19. c4 Qb7 20. Be3 f5 21. c5 Bb8 22. exf5 Bxf5 23. Bxf5 Rxf5 24. Bd4 exd4 25. Qxe8+ Rf8 26. Qe6+ Kh8 27. Nxd4 b4 28. axb4 Qxb4 29. Qg4 Qxb2 30. Nf3 Ba7 31. Rab1 Qc3 32. Rbc1 Qa5 33. Qc4 a3 34. Ne5 g6 35. Ng4 Rd8 36. Re8+ Kg7 37. Qg8# 1-0

[Event "EYCC G10-ch 2024"]
[Site "Prague"]
[Date "2024.08.25"]
[Round "4.3"]
[White "Bhaumik, Mehr"]
[Black "Stoica, Melina-Theodora"]
[Result "0-1"]
[ECO "D02"]
[WhiteElo "1606"]
[BlackElo "1576"]
[Annotator "NA"]
[PlyCount "126"]
[EventDate "2024.08.19"]
[EventType "swiss"]
[EventCountry "CZE"]
[SourceTitle "playchess.com"]
[Source "ChessBase"]
[SourceQuality "1"]
[TimeControl "5400+30"]

1. d4 Nf6 2. Nf3 d5 3. Bf4 e6 4. c4 c6 5. Nc3 Be7 6. e3 O-O 7. Qc2 Nbd7 8. Bd3 Re8 9. Ng5 Nf8 10. Nf3 Bd6 11. Bg5 Be7 12. Ne5 N6d7 13. Bf4 Nxe5 14. Bxe5 Bf6 15. Bxf6 Qxf6 16. O-O Bd7 17. Rac1 Rac8 18. Qa4 a6 19. Qb3 b5 20. cxb5 cxb5 21. a4 bxa4 22. Nxa4 Rb8 23. Qa3 Qe7 24. Qxe7 Rxe7 25. Rc7 Ree8 26. Nc5 Bb5 27. Bxb5 Rxb5 28. b3 a5 29. Ra7 e5 30. g3 exd4 31. exd4 g6 32. Ra1 Rb4 33. Ra4 Re1+ 34. Kg2 Rxa4 35. bxa4 Rd1 36. Ra8 Kg7 37. Rxa5 Rxd4 38. Ra8 Rc4 39. Nb3 d4 40. a5 Ne6 41. Nd2 Ra4 42. Kf3 Ng5+ 43. Ke2 Ne6 44. Kd3 Nc5+ 45. Ke2 Nb7 46. Nb3 Nd6 47. a6 Nb5 48. Kd3 Nc7 49. Nc5 Ra3+ 50. Kxd4 Nxa8 51. Kd5 Nc7+ 52. Kc6 Nxa6 53. Nxa6 Rxa6+ 54. Kd5 Ra2 55. f4 Rxh2 56. Ke4 Kf6 57. Kf3 Kf5 58. g4+ Ke6 59. Kg3 Rc2 60. Kh4 Rc3 61. Kg5 f6+ 62. Kh6 Kf7 63. g5 Rh3# 0-1

[Event "EYCC G10-ch 2024"]
[Site "Prague"]
[Date "2024.08.25"]
[Round "4.4"]
[White "Paunescu, Aida"]
[Black "Wang, Yi Xuan"]
[Result "1/2-1/2"]
[ECO "D02"]
[WhiteElo "1603"]
[BlackElo "1734"]
[Annotator "NA"]
[PlyCount "73"]
[EventDate "2024.08.19"]
[EventType "swiss"]
[EventCountry "CZE"]
[SourceTitle "playchess.com"]
[Source "ChessBase"]
[SourceQuality "1"]
[TimeControl "5400+30"]

1. d4 d5 2. Nf3 Nf6 3. Bf4 c5 4. e3 Nc6 5. c3 Qb6 6. Qb3 c4 7. Qxb6 axb6 8. Nbd2 b5 9. a3 b4 10. Be2 bxc3 11. bxc3 Bf5 12. O-O e6 13. a4 Be7 14. Ne5 Na5 15. Ra2 O-O 16. Rfa1 Ra6 17. h3 h6 18. f3 Rfa8 19. Rb2 b6 20. e4 Bh7 21. Kf2 Nh5 22. Be3 Bh4+ 23. Kg1 Bg3 24. Ng4 Nf4 25. Nf1 Nxe2+ 26. Rxe2 Nb3 27. Raa2 Bd6 28. exd5 exd5 29. Ne5 Rxa4 30. Rxa4 Rxa4 31. Nd7 Bd3 32. Re1 Bc7 33. Bf4 Bxf4 34. Re8+ Kh7 35. Nf8+ Kg8 36. Nd7+ Kh7 37. Nf8+ 1/2-1/2

[Event "EYCC G10-ch 2024"]
[Site "Prague"]
[Date "2024.08.25"]
[Round "4.5"]
[White "Bakhshi, Rana"]
[Black "Vadkerti, Anna"]
[Result "1-0"]
[ECO "E71"]
[WhiteElo "1732"]
[BlackElo "1517"]
[Annotator "NA"]
[PlyCount "123"]
[EventDate "2024.08.19"]
[EventType "swiss"]
[EventCountry "CZE"]
[SourceTitle "playchess.com"]
[Source "ChessBase"]
[SourceQuality "1"]
[TimeControl "5400+30"]

1. d4 Nf6 2. c4 g6 3. Nc3 Bg7 4. e4 d6 5. h3 O-O 6. Be3 e5 7. d5 Nh5 8. g4 Nf4 9. Nge2 Re8 10. Qd2 Qf6 11. O-O-O Bh6 12. Kb1 Nxe2 13. Bxh6 Nxc3+ 14. bxc3 a5 15. Bd3 a4 16. Rdg1 a3 17. h4 Ra6 18. Bc2 Qf3 19. h5 Rb6+ 20. Bb3 Qxe4+ 21. Kc1 Na6 22. hxg6 fxg6 23. f3 Qxf3 24. Rf1 Qe4 25. Qf2 Bf5 26. gxf5 Nc5 27. Bc2 Nd3+ 28. Bxd3 Qxd3 29. Qc2 Qxc2+ 30. Kxc2 Rb2+ 31. Kd3 e4+ 32. Ke3 Rxa2 33. f6 Kf7 34. Bg5 h5 35. Rb1 b6 36. Ra1 Rxa1 37. Rxa1 Ra8 38. Kxe4 Ra4 39. Kd3 b5 40. cxb5 h4 41. c4 h3 42. Bf4 Kxf6 43. b6 cxb6 44. Bxd6 a2 45. Kc3 Ra8 46. Kb3 Rh8 47. Rxa2 g5 48. Bh2 Ke7 49. Ra7+ Kf6 50. d6 Ke6 51. Re7+ Kf5 52. Kb4 g4 53. Kb5 Rg8 54. Re3 Kg5 55. Kxb6 Kh4 56. Bg3+ Kg5 57. d7 Rh8 58. Re8 Rh6+ 59. Kc7 Rh7 60. Kc8 h2 61. d8=Q+ Kg6 62. Re6+ 1-0

[Event "EYCC G10-ch 2024"]
[Site "Prague"]
[Date "2024.08.25"]
[Round "4.6"]
[White "Rzadkowska, Lila"]
[Black "Volani, Olga"]
[Result "1-0"]
[ECO "D31"]
[WhiteElo "1794"]
[BlackElo "1570"]
[Annotator "NA"]
[PlyCount "97"]
[EventDate "2024.08.19"]
[EventType "swiss"]
[EventCountry "CZE"]
[SourceTitle "playchess.com"]
[Source "ChessBase"]
[SourceQuality "1"]
[TimeControl "5400+30"]

1. d4 e6 2. c4 d5 3. Nc3 Be7 4. Nf3 Nf6 5. Bg5 O-O 6. cxd5 exd5 7. e3 c6 8. Bd3 h6 9. Bf4 Nbd7 10. Qc2 Re8 11. h3 Nf8 12. O-O Be6 13. Rab1 a5 14. Bh2 Bd6 15. Ne5 Qc7 16. f4 Rac8 17. Rbc1 Bd7 18. Qf2 Qd8 19. Kh1 Qe7 20. Na4 Ne4 21. Bxe4 dxe4 22. Nb6 Rcd8 23. f5 f6 24. Nec4 Bxh2 25. Kxh2 Bc8 26. Qg3 a4 27. Nxc8 Rxc8 28. Nd6 Nd7 29. Nxe8 Qxe8 30. Rf4 Qe7 31. Rh4 Kh8 32. d5 Ne5 33. Rxe4 Qd7 34. dxc6 Rxc6 35. Rxc6 Qxc6 36. Rd4 Kg8 37. e4 Qc2 38. Rb4 Qc6 39. a3 b5 40. b3 axb3 41. Qxb3+ Kh8 42. Rxb5 Nd7 43. Rd5 Qc7+ 44. Kh1 Ne5 45. a4 Qc1+ 46. Rd1 Qc7 47. Qd5 Kh7 48. a5 Nc6 49. Rc1 1-0

[Event "EYCC G10-ch 2024"]
[Site "Prague"]
[Date "2024.08.25"]
[Round "4.7"]
[White "Malcheva, Niya"]
[Black "Nguyen Doan, Bao Anh Angelina"]
[Result "0-1"]
[ECO "B24"]
[WhiteElo "1551"]
[BlackElo "1659"]
[Annotator "NA"]
[PlyCount "114"]
[EventDate "2024.08.19"]
[EventType "swiss"]
[EventCountry "CZE"]
[SourceTitle "playchess.com"]
[Source "ChessBase"]
[SourceQuality "1"]
[TimeControl "5400+30"]

1. e4 c5 2. Nc3 Nc6 3. Bb5 Nd4 4. Nf3 a6 5. Bd3 g6 6. Nxd4 cxd4 7. Ne2 d5 8. c3 dxc3 9. dxc3 dxe4 10. Bxe4 Qxd1+ 11. Kxd1 Nf6 12. Bf3 Bg7 13. Bf4 O-O 14. h3 Rd8+ 15. Kc1 Ne8 16. Rd1 Rxd1+ 17. Kxd1 e5 18. Be3 f5 19. Bd5+ Kh8 20. Ke1 Nf6 21. Bb3 Bd7 22. Rd1 Bc6 23. f3 h6 24. h4 Bf8 25. Kf2 Kg7 26. Bb6 Be7 27. Nc1 Nd7 28. Bc7 Bxh4+ 29. g3 Bf6 30. Be6 Nc5 31. Bd5 Rc8 32. Bd6 Bxd5 33. Rxd5 Nd7 34. Be7 Rc7 35. Bxf6+ Kxf6 36. Nd3 Ke6 37. Nb4 Rc5 38. Rd1 a5 39. Nd3 Rd5 40. b4 axb4 41. cxb4 Rd4 42. a3 Kf6 43. Ke3 Rd6 44. a4 Nb6 45. a5 Nd5+ 46. Kf2 Nxb4 47. Ke2 Nxd3 48. Rxd3 Rxd3 49. Kxd3 Ke6 50. Kc4 g5 51. Kc5 e4 52. fxe4 fxe4 53. Kb6 e3 54. Kxb7 e2 55. a6 e1=Q 56. a7 Qa1 57. g4 Ke5 0-1

[Event "EYCC G10-ch 2024"]
[Site "Prague"]
[Date "2024.08.25"]
[Round "4.8"]
[White "Constantin-Ciuntu, Anne-Sophie"]
[Black "Jaksa, Ema"]
[Result "1-0"]
[ECO "C49"]
[WhiteElo "1641"]
[BlackElo "1551"]
[Annotator "NA"]
[PlyCount "43"]
[EventDate "2024.08.19"]
[EventType "swiss"]
[EventCountry "CZE"]
[SourceTitle "playchess.com"]
[Source "ChessBase"]
[SourceQuality "1"]
[TimeControl "5400+30"]

1. e4 e5 2. Nf3 Nc6 3. Nc3 Nf6 4. Bb5 Bb4 5. d3 d6 6. Bg5 O-O 7. O-O Bxc3 8. bxc3 Qe7 9. Ba4 Nd8 10. Rb1 Ne6 11. Qd2 h6 12. Be3 Rb8 13. Nh4 Nd8 14. g3 d5 15. f3 a6 16. Qf2 b6 17. Bc5 bxc5 18. Rxb8 Bb7 19. Nf5 Qe6 20. Rb1 dxe4 21. Qxc5 Qxa2 22. Qxf8+ 1-0

[Event "EYCC G10-ch 2024"]
[Site "Prague"]
[Date "2024.08.25"]
[Round "4.9"]
[White "Anistoroaei, Maria"]
[Black "Goralik, Zuzanna"]
[Result "1-0"]
[ECO "D20"]
[WhiteElo "1627"]
[BlackElo "1459"]
[Annotator "NA"]
[PlyCount "79"]
[EventDate "2024.08.19"]
[EventType "swiss"]
[EventCountry "CZE"]
[SourceTitle "playchess.com"]
[Source "ChessBase"]
[SourceQuality "1"]
[TimeControl "5400+30"]

1. d4 d5 2. c4 dxc4 3. e3 e5 4. Bxc4 exd4 5. exd4 Nf6 6. Nf3 Be7 7. Qb3 O-O 8. Ng5 Qe8 9. O-O h6 10. Nf3 Bd6 11. Re1 Qd8 12. Ne5 Bxe5 13. dxe5 Qe7 14. Bd2 Nh7 15. Nc3 c6 16. Ne4 b5 17. Bd3 Be6 18. Qc2 Rd8 19. Ba5 Rd4 20. Nd6 Nf8 21. Be4 Qd7 22. Qc3 Rxe4 23. Nxe4 Bd5 24. Qg3 Kh8 25. Rad1 Qe6 26. b3 Ng6 27. Nc5 Qf5 28. e6 fxe6 29. Re3 Qc2 30. Rde1 Nf8 31. Bc3 Qh7 32. Qd6 Qg8 33. Rg3 Kh7 34. Rxg7+ Qxg7 35. Bxg7 Kxg7 36. Qe7+ Kg8 37. Re3 Ng6 38. Rg3 h5 39. Rxg6+ Kh8 40. Qg7# 1-0

[Event "EYCC G10-ch 2024"]
[Site "Prague"]
[Date "2024.08.25"]
[Round "4.10"]
[White "Aragonda, Sahasra"]
[Black "Rekhviashvili, Mariam"]
[Result "0-1"]
[ECO "D05"]
[WhiteElo "1617"]
[BlackElo "1542"]
[Annotator "NA"]
[PlyCount "108"]
[EventDate "2024.08.19"]
[EventType "swiss"]
[EventCountry "CZE"]
[SourceTitle "playchess.com"]
[Source "ChessBase"]
[SourceQuality "1"]
[TimeControl "5400+30"]

1. d4 d5 2. Nf3 e6 3. e3 Nf6 4. Bd3 Be7 5. b3 O-O 6. Bb2 b6 7. Nbd2 Bb7 8. O-O c5 9. Ne5 Nbd7 10. Qf3 h6 11. Qh3 Nxe5 12. dxe5 Ne4 13. Rad1 Qc8 14. c4 Nxd2 15. Rxd2 dxc4 16. Bxc4 Rd8 17. Rfd1 Rxd2 18. Rxd2 Ba6 19. Qf3 Bxc4 20. bxc4 Rb8 21. Qd1 Qc7 22. Kf1 Rd8 23. Rxd8+ Qxd8 24. Qxd8+ Bxd8 25. g4 Kf8 26. Ke2 Ke7 27. Kd3 Kd7 28. f4 a6 29. a4 Kc6 30. Kc2 b5 31. cxb5+ axb5 32. axb5+ Kxb5 33. Kc3 Ba5+ 34. Kc2 c4 35. e4 Be1 36. f5 Kb4 37. Bc1 c3 38. g5 hxg5 39. Bxg5 Kc4 40. fxe6 fxe6 41. Be3 Bd2 42. Bf2 Bf4 43. h3 Bxe5 44. h4 g6 45. Be3 Bg3 46. Bg5 Kd4 47. Bf6+ e5 48. Bg5 Be1 49. Kd1 Bd2 50. Bxd2 cxd2 51. Kxd2 Kxe4 52. Ke2 Kf4 53. Kf2 Kg4 54. Ke3 Kxh4 0-1

[Event "EYCC G10-ch 2024"]
[Site "Prague"]
[Date "2024.08.25"]
[Round "4.11"]
[White "Saltkhutsishvili, Sara"]
[Black "Slusarczyk, Agnieszka"]
[Result "0-1"]
[ECO "C50"]
[WhiteElo "1535"]
[BlackElo "1614"]
[Annotator "NA"]
[PlyCount "92"]
[EventDate "2024.08.19"]
[EventType "swiss"]
[EventCountry "CZE"]
[SourceTitle "playchess.com"]
[Source "ChessBase"]
[SourceQuality "1"]
[TimeControl "5400+30"]

1. e4 e5 2. Nf3 Nc6 3. Bc4 Nf6 4. d3 Bc5 5. c3 d6 6. O-O a6 7. b4 Ba7 8. a4 Be6 9. Bxe6 fxe6 10. Bg5 O-O 11. Nbd2 Ne7 12. d4 exd4 13. cxd4 Qe8 14. Bxf6 Rxf6 15. Nb3 Nc6 16. Qd2 Qg6 17. b5 Rxf3 18. bxc6 Rxb3 19. Qc2 Rb6 20. cxb7 Rxb7 21. Qc6 Rab8 22. Qxa6 Bxd4 23. Rae1 Qf6 24. Qc4 c5 25. Kh1 Rb4 26. Qa6 e5 27. Rd1 Rb2 28. a5 Qg6 29. Qc6 R2b5 30. a6 Qf7 31. Qxd6 R5b6 32. a7 Qxa7 33. Qd5+ Qf7 34. Qxf7+ Kxf7 35. f4 exf4 36. Rxf4+ Rf6 37. Rh4 h6 38. Rh5 Rfb6 39. Rf5+ Kg8 40. Rff1 Re8 41. Rf4 Rf6 42. Rg4 Rfe6 43. Re1 c4 44. h3 c3 45. Kh2 c2 46. Rc1 Rc6 0-1

[Event "EYCC G10-ch 2024"]
[Site "Prague"]
[Date "2024.08.25"]
[Round "4.13"]
[White "Russieva, Svitlana"]
[Black "Matos, Maria Rita"]
[Result "1-0"]
[ECO "C52"]
[WhiteElo "1597"]
[BlackElo "1453"]
[Annotator "NA"]
[PlyCount "107"]
[EventDate "2024.08.19"]
[EventType "swiss"]
[EventCountry "CZE"]
[SourceTitle "playchess.com"]
[Source "ChessBase"]
[SourceQuality "1"]
[TimeControl "5400+30"]

1. e4 e5 2. Nf3 Nc6 3. Bc4 Bc5 4. b4 Bxb4 5. c3 Ba5 6. d4 d6 7. Qb3 Qd7 8. Bg5 Bb6 9. Bb5 a6 10. Ba4 exd4 11. Bxc6 Qxc6 12. cxd4 Qxe4+ 13. Kd1 Qg6 14. Re1+ Be6 15. d5 Nf6 16. dxe6 O-O 17. exf7+ Qxf7 18. Re7 Qxb3+ 19. axb3 Rad8 20. Bh4 d5 21. Nbd2 d4 22. Ne5 h6 23. Bxf6 Rxf6 24. Ne4 Rff8 25. Ng6 Rfe8 26. Kd2 Rxe7 27. Nxe7+ Kf7 28. Nf5 d3 29. b4 Kg6 30. g4 Rd7 31. Re1 a5 32. bxa5 Bxa5+ 33. Nc3 Kf6 34. Re3 Bb6 35. Rxd3 Rxd3+ 36. Kxd3 Bxf2 37. Ne4+ Ke5 38. Nxf2 Kf6 39. Ne4+ Kg6 40. h4 Kh7 41. Ne7 b6 42. Kc4 c5 43. Kb5 c4 44. Kxc4 Kh8 45. h5 Kh7 46. Nc3 g5 47. hxg6+ Kh8 48. Kd5 Kg7 49. Ke6 b5 50. Nxb5 Kh8 51. Kf7 h5 52. g7+ Kh7 53. g8=Q+ Kh6 54. Nf5# 1-0

[Event "EYCC G10-ch 2024"]
[Site "Prague"]
[Date "2024.08.26"]
[Round "5.1"]
[White "Chen, Yuefan"]
[Black "Ahmadli, Mehriban"]
[Result "1/2-1/2"]
[ECO "A48"]
[WhiteElo "1682"]
[BlackElo "1646"]
[Annotator "NA RC COMBH"]
[PlyCount "52"]
[EventDate "2024.08.19"]
[EventType "swiss"]
[EventCountry "CZE"]
[SourceTitle "playchess.com"]
[Source "ChessBase"]
[SourceQuality "1"]
[TimeControl "5400+30"]

1. d4 Nf6 2. Nf3 g6 3. c4 Bg7 4. g3 O-O 5. Bg2 d6 6. O-O c5 7. dxc5 dxc5 8. Nc3 Nbd7 9. Qc2 a6 10. Rd1 Qc7 11. h3 e5 12. b3 Rb8 13. a4 Re8 14. Ng5 h6 15. Nge4 Nxe4 16. Nxe4 b6 17. Nd6 Re6 18. Qd2 Nf6 19. h4 Ne8 20. Nxc8 Rxc8 21. Bd5 Rd6 22. Bb2 Kh7 23. Qe3 f6 24. Rd3 Rcd8 25. Rad1 R6d7 26. Qd2 Rd6 1/2-1/2

[Event "EYCC G10-ch 2024"]
[Site "Prague"]
[Date "2024.08.26"]
[Round "5.2"]
[White "Stoica, Melina-Theodora"]
[Black "Bakhshi, Rana"]
[Result "0-1"]
[ECO "D37"]
[WhiteElo "1576"]
[BlackElo "1732"]
[Annotator "NA RC COMBH"]
[PlyCount "80"]
[EventDate "2024.08.19"]
[EventType "swiss"]
[EventCountry "CZE"]
[SourceTitle "playchess.com"]
[Source "ChessBase"]
[SourceQuality "1"]
[TimeControl "5400+30"]

1. d4 d5 2. Nf3 Nf6 3. c4 e6 4. Nc3 Bd6 5. e3 c6 6. Be2 dxc4 7. Bxc4 b5 8. Bd3 Bb7 9. O-O h6 10. Ne4 Nxe4 11. Bxe4 O-O 12. b3 f5 13. Bc2 Nd7 14. Bb2 Qe7 15. Rc1 g5 16. e4 g4 17. Ne1 Qg5 18. e5 Bc7 19. Qd3 Nb6 20. b4 Nd5 21. Bb3 f4 22. Bxd5 exd5 23. f3 a5 24. bxa5 Rxa5 25. a3 b4 26. axb4 Ra2 27. Rb1 Ba6 28. Qb3 Bc4 29. Qc3 Bxf1 30. Kxf1 Qg6 31. Rc1 Bd8 32. Rc2 Bh4 33. fxg4 Bxe1 34. Kxe1 Qe4+ 35. Kf2 f3 36. g3 Qg6 37. Qb3 h5 38. gxh5 Qxh5 39. Kg1 f2+ 40. Kf1 Qh3+ 0-1

[Event "EYCC G10-ch 2024"]
[Site "Prague"]
[Date "2024.08.26"]
[Round "5.3"]
[White "Rzadkowska, Lila"]
[Black "Horodna, Anna"]
[Result "1-0"]
[ECO "D20"]
[WhiteElo "1794"]
[BlackElo "1603"]
[Annotator "NA RC COMBH"]
[PlyCount "57"]
[EventDate "2024.08.19"]
[EventType "swiss"]
[EventCountry "CZE"]
[SourceTitle "playchess.com"]
[Source "ChessBase"]
[SourceQuality "1"]
[TimeControl "5400+30"]

1. d4 d5 2. c4 dxc4 3. e3 e5 4. Bxc4 exd4 5. exd4 Nc6 6. Nf3 Be7 7. d5 Bb4+ 8. Nc3 Qe7+ 9. Be3 Na5 10. Be2 c6 11. O-O Bxc3 12. bxc3 cxd5 13. Qxd5 Nc6 14. Bc5 Be6 15. Qh5 Qf6 16. Nd4 Bd7 17. Nb5 g6 18. Qd5 O-O-O 19. Nd6+ Kc7 20. Rab1 b6 21. Nb5+ Kc8 22. Nxa7+ Kb8 23. Rxb6+ Ka8 24. Nxc6 Bxc6 25. Qxc6+ Qxc6 26. Rxc6 Nh6 27. Rb1 Rd7 28. Ra6+ Ra7 29. Bf3# 1-0

[Event "EYCC G10-ch 2024"]
[Site "Prague"]
[Date "2024.08.26"]
[Round "5.4"]
[White "Wang, Yi Xuan"]
[Black "Russieva, Svitlana"]
[Result "1/2-1/2"]
[ECO "D32"]
[WhiteElo "1734"]
[BlackElo "1597"]
[Annotator "NA COMBH"]
[PlyCount "131"]
[EventDate "2024.08.19"]
[EventType "swiss"]
[EventCountry "CZE"]
[SourceTitle "playchess.com"]
[Source "ChessBase"]
[SourceQuality "1"]
[TimeControl "5400+30"]

1. d4 d5 2. c4 e6 3. Nc3 c5 4. cxd5 cxd4 5. Qa4+ Bd7 6. Qxd4 exd5 7. Qxd5 Nc6 8. e4 Nf6 9. Qd1 Bb4 10. Bg5 h6 11. Bxf6 Qxf6 12. Rc1 Rd8 13. Qf3 Qe6 14. a3 Nd4 15. Qe3 Bc5 16. Qg3 O-O 17. Nge2 Nb3 18. Rd1 Bc6 19. Rxd8 Rxd8 20. Nf4 Qd7 21. Ncd5 Bxd5 22. Nxd5 Qa4 23. Be2 Qa5+ 24. Qc3 Qa4 25. O-O Qxe4 26. Bf3 Qa4 27. Bd1 Qa6 28. Bxb3 b6 29. Qf3 Kh8 30. Qxf7 Rf8 31. Qg6 Qe2 32. Ne3 Bxe3 33. Bf7 Bc5 34. b4 Bd4 35. Qd6 Bxf2+ 36. Rxf2 Qe1+ 37. Rf1 Qe3+ 38. Kh1 Rxf7 39. Rd1 Rf2 40. Qg6 Rd2 41. Rc1 Rd8 42. Rf1 Qf2 43. Rg1 Rf8 44. h3 Qe3 45. Qd6 Rg8 46. a4 Qa3 47. Qd7 a6 48. Qb7 Qxb4 49. Qxa6 Re8 50. Ra1 Qb2 51. Rf1 Qd4 52. Qb5 Qe4 53. Qxb6 Qxa4 54. Qg6 Qb5 55. Rb1 Qe2 56. Rb7 Qe1+ 57. Kh2 Qe5+ 58. Qg3 Qxg3+ 59. Kxg3 Kh7 60. Kh4 Kg6 61. g4 Re6 62. Rb3 Rd6 63. Rf3 Re6 64. Kg3 Rd6 65. h4 Rd5 66. Rc3 1/2-1/2

[Event "EYCC G10-ch 2024"]
[Site "Prague"]
[Date "2024.08.26"]
[Round "5.5"]
[White "Nguyen Doan, Bao Anh Angelina"]
[Black "Paunescu, Aida"]
[Result "1/2-1/2"]
[ECO "C28"]
[WhiteElo "1659"]
[BlackElo "1603"]
[Annotator "NA RC COMBH"]
[PlyCount "91"]
[EventDate "2024.08.19"]
[EventType "swiss"]
[EventCountry "CZE"]
[SourceTitle "playchess.com"]
[Source "ChessBase"]
[SourceQuality "1"]
[TimeControl "5400+30"]

1. e4 e5 2. Nc3 Nc6 3. Bc4 Nf6 4. d3 Bb4 5. Nge2 O-O 6. O-O d6 7. Bg5 h6 8. Bh4 Bg4 9. Nd5 g5 10. Bg3 Nxd5 11. Bxd5 Bc5 12. c3 Ne7 13. Bc4 Be6 14. Bxe6 fxe6 15. d4 exd4 16. cxd4 Bb6 17. Qd3 Qd7 18. h4 d5 19. f3 Rf7 20. Qd2 Rg7 21. Be5 Rg6 22. h5 Rg7 23. Bxg7 Kxg7 24. f4 g4 25. Qd3 Rf8 26. Rad1 c6 27. Ng3 dxe4 28. Qxe4 Nf5 29. Kh2 Bc7 30. Qe2 Kh8 31. Nxf5 exf5 32. Kg3 Re8 33. Qd3 Qd5 34. Rde1 Re6 35. Rxe6 Qxe6 36. Qc3 Kg8 37. Qb3 Qxb3+ 38. axb3 Kf7 39. Re1 a6 40. Re2 Bd6 41. Re1 Bc7 42. Re2 Bd6 43. Re3 Bc7 44. Re1 Bd6 45. Re2 Bb8 46. Re1 1/2-1/2

[Event "EYCC G10-ch 2024"]
[Site "Prague"]
[Date "2024.08.26"]
[Round "5.6"]
[White "Tykalova, Barbora"]
[Black "Constantin-Ciuntu, Anne-Sophie"]
[Result "1/2-1/2"]
[ECO "B40"]
[WhiteElo "1580"]
[BlackElo "1641"]
[Annotator "NA RC COMBH"]
[PlyCount "121"]
[EventDate "2024.08.19"]
[EventType "swiss"]
[EventCountry "CZE"]
[SourceTitle "playchess.com"]
[Source "ChessBase"]
[SourceQuality "1"]
[TimeControl "5400+30"]

1. e4 c5 2. Nf3 e6 3. b3 b6 4. Bb2 Bb7 5. Nc3 d6 6. g3 Nf6 7. d3 Be7 8. Bg2 Nbd7 9. O-O O-O 10. Re1 Qc7 11. Qd2 a6 12. Rad1 Rac8 13. Ne2 b5 14. a3 a5 15. Nf4 c4 16. bxc4 bxc4 17. Ba1 cxd3 18. cxd3 Qc2 19. Qxa5 Ra8 20. Qb4 Qa4 21. Qxa4 Rxa4 22. Bb2 Rb8 23. Rb1 Nc5 24. e5 Nfd7 25. exd6 Bxd6 26. Nh5 Bf8 27. Be5 Bxf3 28. Rxb8 Bxh5 29. Bc6 Nxb8 30. Bxa4 Nxd3 31. Re3 Nxe5 32. Rxe5 Bf3 33. Re3 Bc6 34. Bxc6 Nxc6 35. Rc3 Na5 36. Rc8 f6 37. Ra8 Nc4 38. a4 Nb6 39. Ra6 Nxa4 40. Rxa4 Kf7 41. Kg2 f5 42. Kf3 Kf6 43. Ra5 g5 44. h4 g4+ 45. Ke3 Bb4 46. Rb5 Be1 47. Rb7 h5 48. Rh7 Kg6 49. Rh8 Bc3 50. Rc8 Ba5 51. Rg8+ Kf7 52. Rc8 Bb6+ 53. Ke2 Kf6 54. f4 Bd4 55. Rc2 e5 56. Rc6+ Kf7 57. fxe5 Bxe5 58. Kf2 Bd4+ 59. Kg2 Be5 60. Rh6 Bf6 61. Rh7+ 1/2-1/2